 Dungeon Crawl Stone Soup version 0.29.0-4-gdea44cf6ec (webtiles) character file.

Game seed: 423574681939454116

102 qw the Chopper (level 4, -1/26 HPs)
             Began as a Tengu Warper on Aug 28, 2022.
             Slain by a gnoll
             ... wielding a +0 flail
              (8 damage)
             ... on level 6 of the Dungeon.
             The game lasted 00:00:15 (2655 turns).

qw the Chopper (Tengu Warper)                       Turns: 2655, Time: 00:00:16

Health: -1/26      AC:  8    Str: 13    XL:     4   Next: 78%
Magic:  8/8        EV:  5    Int: 13    God:
Gold:   110        SH:  4    Dex: 14    Spells: 7/7 levels left

rFire   . . .      SeeInvis .   Y - +0 hand axe
rCold   . . .      Faith    .   l - +0 buckler
rNeg    . . .      Spirit   .   d - +0 chain mail
rPois   .          Reflect  .   (helmet restricted)
rElec   .          Harm     .   (no cloak)
rCorr   .          Rampage  .   (no gloves)
Will    .....                   (boots unavailable)
Stlth   ..........              (no amulet)
HPRegen 0.08/turn               (no ring)
MPRegen 0.11/turn               (no ring)

@: no status effects
A: beak, talons 3
a: no special abilities


You were on level 6 of the Dungeon.
You visited 1 branch of the dungeon, and saw 4 of its levels.

You collected 110 gold pieces.


Innate Abilities, Weirdness & Mutations

You have a beak for a mouth.
You have claws for feet.


   Skills:
 - Level 2.0 Fighting
 + Level 4.9 Axes
 - Level 1.0 Throwing
 - Level 1.1 Armour
 - Level 2.1 Dodging
 - Level 1.4 Shields
 - Level 2.0 Spellcasting
 - Level 2.4 Translocations


You had 7 spell levels left.
You didn't know any spells.
Your spell library contained the following spells:

 Spells                   Type           Power      Damage    Failure   Level
 Blink                    Tloc           14%        N/A       100%        2
 Gell's Gravitas          Tloc           7%         N/A       100%        3
 Lesser Beckoning         Tloc           7%         N/A       100%        3
 Teleport Other           Tloc           7%         N/A       100%        3
 Manifold Assault         Tloc           7%         N/A       100%        5

Inventory:

Hand Weapons
 a - a +0 flail
 Y - a +0 hand axe (weapon)
Armour
 d - a +0 chain mail (worn)
 l - a +0 buckler (worn)
Jewellery
 b - a ring of see invisible
Scrolls
 j - 2 scrolls of identify
Potions
 f - 3 potions of heal wounds
 m - a potion of curing

Dungeon Overview and Level Annotations

Branches:
Dungeon (6/15)
 Temple: D:4-7

Altars:


Message History

The shaft crumbles and collapses.
Found an escape hatch in the ceiling.
Existing waypoints: (1) D:2 (2) D:3 Assign waypoint to what number? (0-9, D - delete waypoint) Waypoint 1 re-assigned from D:2 to D:6.
A gnoll comes into view. It is wielding a +0 halberd.
Found a hand axe.
A gnoll comes into view. It is wielding a +0 spear.
The gnoll shouts!
You hear a shout! x2
A gnoll comes into view. It is wielding a +0 flail.
Found an escape hatch in the floor.
The gnoll shouts!
A gnoll comes into view. It is wielding a +0 flail.
You block the gnoll's attack.
You slash the gnoll! You peck the gnoll, but do no damage.
The gnoll is heavily wounded.
The gnoll hits you with a +0 halberd.
You hit the gnoll but do no damage. You claw the gnoll.
You kill the gnoll!
The gnoll hits you but does no damage.
You hit the gnoll. You claw the gnoll.
The gnoll is heavily wounded.
The gnoll hits you but does no damage.
The gnoll hits you from afar with a +0 spear.
You slash the gnoll!
You kill the gnoll!
You hit the gnoll. You block the gnoll's attack.
The gnoll hits you with a +0 flail!
You closely miss the gnoll.
The gnoll is lightly wounded.
You block the gnoll's attack.
The gnoll hits you from afar with a +0 spear.
You hit the gnoll but do no damage. You claw the gnoll.
The gnoll is moderately wounded.
The gnoll hits you but does no damage. The gnoll barely misses you.
You hit the gnoll.
The gnoll is heavily wounded.
The gnoll hits you with a +0 flail!
You die...

#.#.# .#
#.###.#.#######.##
#........#........
##..............##
#.##<............
#. #.#..#..#..###
. ......#..# .#
##.##.#.##..# #
......#)@#
.##.....g).......
###.##..#g>#### #
).......
###.#..### #.#..#
... .# #.#


You could see 2 gnolls.

Vanquished Creatures
  2 adders
  2 gnolls (D:6)
  A worm (D:2)
  4 dart slugs
  2 orcs
  6 endoplasms
  4 giant cockroaches
  5 goblins
  7 hobgoblins
  2 jackals (D:3)
  A quokka (D:1)
  2 ball pythons
  A bat (D:1)
  2 frilled lizards
  7 kobolds
  A rat (D:1)
49 creatures vanquished.

Notes
Turn   | Place    | Note
-------+----------+-------------------------------------------
     0 | D:1      | qw the Tengu Warper began the quest for the Orb.
     0 | D:1      | Reached XP level 1. HP: 12/12 MP: 4/4
     0 | D:1      | 0 ||| qw: Version: 0.1-a-89-g26bdef1
     0 | D:1      | 0 ||| qw: Game counter: 1486
     0 | D:1      | 0 ||| qw: Always use a shield: true
     0 | D:1      | 0 ||| qw: God list: Okawaru
     0 | D:1      | 0 ||| qw: Allow faded altars: false
     0 | D:1      | 0 ||| qw: Do Orc after D:15 true
     0 | D:1      | 0 ||| qw: Do second Lair branch before Depths: true
     0 | D:1      | 0 ||| qw: Lair rune preference: random
     0 | D:1      | 0 ||| qw: Plans: Normal
     0 | D:1      | 0 ||| PLANNING D:1-11
   147 | D:1      | Reached XP level 2. HP: 14/17 MP: 6/6
   152 | D:1      | Reached skill level 3 in Axes
   244 | D:1      | Found a faded altar of an unknown god.
   404 | D:1      | 404 ||| Stepping ~*~*~tactically~*~*~ (hiding).
   506 | D:1      | 506 ||| Stepping ~*~*~tactically~*~*~ (hiding).
   700 | D:1      | 700 ||| DROPPING +0 club.
   742 | D:1      | 742 ||| Stepping ~*~*~tactically~*~*~ (stealth).
   752 | D:1      | 752 ||| Stepping ~*~*~tactically~*~*~ (stealth).
   847 | D:1      | Reached XP level 3. HP: 17/21 MP: 7/7
  1389 | D:1      | 1389 ||| UPGRADING to +0 chain mail.
  1399 | D:1      | 1399 ||| DROPPING +0 leather armour.
  1400 | D:1      | 1400 ||| DROPPING +0 ring mail.
  1401 | D:1      | 1401 ||| UPGRADING to +0 buckler.
  1406 | D:1      | 1406 ||| READING scroll labelled SIGRUC PAGUCA.
  1407 | D:1      | 1407 ||| READING scroll labelled CISAJO GEISAI.
  1408 | D:1      | 1408 ||| READING scroll labelled HAOH GOMOK.
  1537 | D:1      | 1537 ||| READING 2 scrolls labelled MIGUN MUJAL.
  1538 | D:1      | 1538 ||| READING scroll labelled YBUGEG AWIRO.
  1541 | D:1      | 1541 ||| DRINKING 2 cyan potions.
  1542 | D:1      | 1542 ||| DRINKING 2 viscous white potions.
  1543 | D:1      | 1543 ||| DROPPING scroll of blinking.
  1615 | D:2      | 1615 ||| Stepping ~*~*~tactically~*~*~ (stealth).
  1828 | D:2      | Reached skill level 1 in Shields
  2040 | D:2      | Reached skill level 4 in Axes
  2352 | D:2      | 2352 ||| DROPPING amulet of magic regeneration.
  2353 | D:2      | 2353 ||| READING scroll labelled BAUJEM BUAGE.
  2354 | D:2      | 2354 ||| READING 3 scrolls of identify.
  2354 | D:2      | 2354 ||| IDENTIFYING fizzy inky potion
  2355 | D:2      | 2355 ||| READING 2 scrolls of identify.
  2355 | D:2      | 2355 ||| IDENTIFYING lumpy cyan potion
  2356 | D:2      | 2356 ||| DROPPING potion of magic.
  2357 | D:2      | 2357 ||| DROPPING potion of lignification.
  2384 | D:3      | 2384 ||| STAIRDANCE
  2386 | D:3      | 2386 ||| STAIRDANCE
  2389 | D:2      | Reached XP level 4. HP: 26/26 MP: 8/8
  2391 | D:3      | 2391 ||| STAIRDANCE
  2485 | D:2      | 2485 ||| DROPPING +0 mace.
  2492 | D:3      | 2492 ||| STAIRDANCE
  2537 | D:3      | 2537 ||| Stepping ~*~*~tactically~*~*~ (stealth).
  2538 | D:3      | 2538 ||| Stepping ~*~*~tactically~*~*~ (stealth).
  2541 | D:3      | 2541 ||| Stepping ~*~*~tactically~*~*~ (hiding).
  2544 | D:3      | 2544 ||| Stepping ~*~*~tactically~*~*~ (hiding).
  2592 | D:3      | 2592 ||| Stepping ~*~*~tactically~*~*~ (stealth).
  2593 | D:3      | 2593 ||| Stepping ~*~*~tactically~*~*~ (stealth).
  2605 | D:3      | 2605 ||| Stepping ~*~*~tactically~*~*~ (stealth).
  2638 | D:3      | You fall into a shaft and drop 3 floors!
  2655 | D:6      | Slain by a gnoll

Levels and vault maps discovered:
D:1:      lemuel_arrival_muddy, layout_basic,
          hellmonk_ecumenical_altar_inner_sanctum
D:2:      layout_basic, minmay_hedge_maze, eino_tiny_chamber,
          minmay_tiny_reverse_x
D:3:      layout_rooms, grunt_decor_resistance, minmay_cut_off, uniq_jessica,
          uniq_sigmund, uniq_crazy_yiuf_cottage
D:6:      layout_loops_ring, nicolae_elyvilon_peaceful_grove

Skill      XL: |  1  2  3 |
---------------+----------+-----
Axes           | 3 4 |  4.9
Shields        | 1 |  1.4
Fighting       | |  2.0
Throwing       | |  1.0
Armour         | |  1.1
Dodging        | |  2.1
Spellcasting   | |  2.0
Translocations | |  2.4

Action                   |  1- 3 |  4- 6 || total
-------------------------+-------+-------++-------
Melee: Hand axe          |    67 |    29 ||    96
       Kick              |    20 |     9 ||    29
       Peck              |     7 |     6 ||    13
       Punch             |     1 |       ||     1
Throw: Boomerang         |     7 |       ||     7
       Javelin           |     8 |     2 ||    10
  Use: Scroll            |     8 |       ||     8
       Potion            |     2 |       ||     2
Armor: Leather armour    |     6 |       ||     6
       Chain mail        |    18 |    15 ||    33
Dodge: Dodged            |    23 |     7 ||    30
Block: Buckler           |     5 |     6 ||    11

Table legend:
 A = Non-vault XP
 B = Vault XP
 C = Vault XP percentage of total XP
 D = Non-vault monster count
 E = Vault monster count
 F = Vault count percentage of total count
                 A         B        C        D         E       F
            +---------+---------+-------+---------+---------+-------
      Total |     137 |      10 |   6.8 |      45 |       4 |   8.2
            +---------+---------+-------+---------+---------+-------
        D:1 |      39 |       0 |   0.0 |      20 |       0 |   0.0
        D:2 |      37 |       8 |  17.8 |      13 |       3 |  18.8
        D:3 |      32 |       2 |   5.9 |      10 |       1 |   9.1
        D:6 |      29 |       0 |   0.0 |       2 |       0 |   0.0
            +---------+---------+-------+---------+---------+-------
